 Dungeon Crawl Stone Soup version 0.24.0-13-gcf9b319 (webtiles) character file.

Game seed: 17011608161601626482, levelgen mode: deterministic

54 Fang the Skirmisher (level 3, 0/24 HPs)
             Began as a Gargoyle Berserker on Nov 12, 2019.
             Was a Follower of Trog.
             Killed from afar by Natasha (6 damage)
             ... with a magic dart
             ... on level 2 of the Dungeon.
             The game lasted 00:00:58 (792 turns).

Fang the Skirmisher (Gargoyle Berserker)             Turns: 792, Time: 00:00:58

Health: 0/24       AC:  5    Str: 21    XL:     3   Next: 91%
Magic:  3/3        EV: 12    Int:  7    God:    Trog [*.....]
Gold:   46         SH:  4    Dex:  9    Spells: 2/2 levels left

rFire    . . .     SeeInvis .   a - +0 hand axe
rCold    . . .     Gourm    .   (no shield)
rNeg     + . .     Faith    .   b - +0 animal skin
rPois    ∞         Spirit   .   (no helmet)
rElec    +         Reflect  +   (no cloak)
rCorr    .         Harm     .   (no gloves)
MR       .....                  (no boots)
Stlth    +.........             l - +4 amulet of reflection
HPRegen  0.08/turn              (no ring)
MPRegen  0.08/turn              (no ring)

@: berserk cooldown, slowed, very slow
A: negative energy resistance 1, electricity resistance, unbreathing,
petrification resistance, rot immunity, AC +3
a: Berserk, Renounce Religion


You were on level 2 of the Dungeon.
You worshipped Trog.
Trog was aware of your devotion.
You were not hungry.

You visited 1 branch of the dungeon, and saw 2 of its levels.

You collected 46 gold pieces.

Inventory:

Hand Weapons
 a - a +0 hand axe (weapon)
Armour
 b - a +0 animal skin (worn)
Jewellery
 l - a +4 amulet of reflection (around neck)
Scrolls
 i - a scroll of remove curse {unknown}
 j - 2 scrolls of amnesia {unknown}
 k - a scroll of identify {unknown}
 n - a scroll of teleportation {unknown}
Potions
 d - a potion of haste {unknown}
 e - a potion of magic {unknown}
 f - a potion of ambrosia {unknown}
 h - a potion of brilliance {unknown}
 m - a potion of berserk rage {unknown}
 o - a potion of lignification {unknown}
Comestibles
 c - 5 rations
 g - 9 chunks of flesh


   Skills:
 + Level 3.8 Fighting
 + Level 3.1 Axes
 + Level 2.9 Armour
 + Level 2.1 Dodging


You had 2 spell levels left.
You didn't know any spells.
Your spell library was empty.

Dungeon Overview and Level Annotations

Branches:
Dungeon (2/15)

Altars:

Annotations:
D:2 Natasha


Innate Abilities, Weirdness & Mutations

You are resistant to torment.
Your stone body is resilient. (AC +3)
You are immune to poison.
You resist negative energy. (rN+)
You are resistant to electric shocks. (rElec)
You can survive without breathing.
You are immune to petrification.
You are immune to rotting.


Message History

You feel as though you will be slow longer.
You see here the felid corpse of Natasha.
You butcher the felid corpse of Natasha.
g - 10 chunks of flesh (gained 2)
You see here the felid skeleton of Natasha.
You start resting.
Eating one of 10 chunks of flesh.
You eat one of the 10 chunks of flesh.
This raw flesh tastes terrible.
Natasha, Servant of Life and Death comes into view.
She is carrying a wand of flame (20).
Natasha is nearby!
Natasha is nearby!
Natasha casts a spell.
Okay, then.
Natasha casts a spell at you. You resist with significant effort.
Natasha stares at you and mumbles some strange words.
The magic dart hits you.
* * * LOW HITPOINT WARNING * * *
Natasha stares at you and mumbles some strange words.
The magic dart hits you.
You die...

############ #..5.5......
#####################.##÷#######
#..............@.h.5..##.#
#.######################)# #.#
... #.# #...# #.# #.... #.#
#...#. #.# #.. ##.### ##.# #.#
#.# #..# #.#


You could see Natasha and a white imp.

Vanquished Creatures
  Natasha (D:2)
  3 dart slugs (D:1)
  A leopard gecko (D:1)
  A giant cockroach (D:2)
  2 goblins
  5 hobgoblins
  4 kobolds (D:1)
  A ball python (D:1)
  2 bats (D:1)
  A rat (D:1)
21 creatures vanquished.

Notes
Turn   | Place    | Note
-------+----------+-------------------------------------------
     0 | D:1      | Fang the Gargoyle Berserker began the quest for the Orb.
     0 | D:1      | Reached XP level 1. HP: 14/14 MP: 1/1
   266 | D:1      | Reached XP level 2. HP: 19/19 MP: 2/2
   605 | D:1      | Reached XP level 3. HP: 23/23 MP: 3/3
   759 | D:2      | Noticed Natasha
   773 | D:2      | Killed Natasha
   782 | D:2      | Noticed Natasha
   792 | D:2      | Killed from afar by Natasha

Levels and vault maps discovered:
D:1:      dpeg_arrival_round_b, layout_basic
D:2:      layout_loops_ring, nicolae_overflow_hidden_temple, uniq_natasha

Skill      XL: |  1  2  3 |
---------------+----------+-----
Axes           | 3 |  3.1
Dodging        | 2 |  2.1
Fighting       | |  3.8
Armour         | |  2.9

Action                   || total
-------------------------++-------
Melee: Hand axe          ||    71
Invok: Berserk           ||     1
  Eat: Chunk             ||     1
Armor: Animal skin       ||    28
Dodge: Dodged            ||    41
Block: Other             ||     5
